 Dungeon Crawl Stone Soup version 0.30-a0-743-gbfdf073431 (webtiles) character file.

Game seed: 11555678968924617211

84 Leeroy the Slasher (level 4, 0/23 HPs)
             Began as a Vine Stalker Warper on Feb 5, 2023.
             Slain by an orc
             ... wielding a +0 falchion
              (4 damage)
             ... on level 3 of the Dungeon.
             The game lasted 00:01:25 (1061 turns).

Leeroy the Slasher (Vine Stalker Warper)            Turns: 1061, Time: 00:01:26

Health: 0/23       AC:  3    Str: 14    XL:     4   Next: 46%
Magic:  0/8        EV: 11    Int: 13    God:
Gold:   71         SH:  0    Dex: 15    Spells: 7/7 levels left

rFire   . . .      SeeInvis .    a - +0 falchion
rCold   . . .      Faith    .    (no shield)
rNeg    . . .      Spirit   +    b - +0 leather armour
rPois   .          Reflect  .    (no helmet)
rElec   .          Harm     .    (no cloak)
rCorr   .          Rampage  .    (no gloves)
Will    .....                    (no boots)
Stlth   +                        (no amulet)
HPRegen 1.03/turn                (no ring)
MPRegen 0.11/turn                (no ring)

@: confused
A: fangs 2, regeneration 1, magic shield, antimagic bite, no potion heal 2
a: no special abilities


You were on level 3 of the Dungeon.
You visited 1 branch of the dungeon, and saw 3 of its levels.

You collected 71 gold pieces.

Inventory:

Hand Weapons
 a - a +0 falchion (weapon)
 h - the +4 flail of the Hidden Vale {heavy, rF+}
   (You found it on level 3 of the Dungeon)

   rF:        It protects you from fire.
Missiles
 d - 7 boomerangs of dispersal (quivered)
Armour
 b - a +0 leather armour (worn)
Scrolls
 c - a scroll of blinking
 f - 2 scrolls of immolation {unknown}
Potions
 e - a potion of heal wounds {unknown}
 g - a potion of might
 i - a potion of cancellation {unknown}
 j - a potion of invisibility {unknown}
 k - 2 potions of curing


   Skills:
 - Level 1.7 Fighting
 + Level 4.1 Long Blades
 - Level 0.8 Throwing
 - Level 0.7 Armour
 - Level 1.5 Dodging
 - Level 2.1 Spellcasting
 - Level 3.0 Translocations


You had 7 spell levels left.
You didn't know any spells.
Your spell library contained the following spells:

 Spells                   Type           Power      Damage    Failure   Level
 Blink                    Tloc           18%        N/A       14%         2
 Lesser Beckoning         Tloc           18%        N/A       14%         2
 Teleport Other           Tloc           9%         N/A       28%         3
 Ensorcelled Hibernation  Hex/Ice        2%         N/A       43%         2
 Vhi's Electric Charge    Tloc/Air       10%        N/A       45%         3
 Spider Form              Tmut/Pois      1%         N/A       67%         3
 Manifold Assault         Tloc           9%         N/A       67%         4
 Anguish                  Hex/Necr       0%         N/A       97%         4


Dungeon Overview and Level Annotations

Branches:
Dungeon (3/15)

Altars:

Shops:
D:1 (


Innate Abilities, Weirdness & Mutations

You have extremely sharp teeth.
Your natural rate of healing is unusually fast.
When hurt, damage is shared between your health and your magic reserves.
Your bite disrupts and absorbs the magic of your enemies.
Potions cannot restore your health.


Message History

The orc wizard's magic leaks into the air.
You drain its magic.
You feel invigorated.
The orc wizard is moderately wounded.
The orc wizard's magic is no longer disrupted.
The orc misses you.
The orc wizard casts a spell.
The orc wizard flickers and vanishes!
Deactivating autopickup; reactivate with Ctrl-A.
You slash the orc wizard!
The orc wizard is almost dead.
The orc hits you with a +0 mace!
The orc wizard hits you with a +0 dagger.
The orc hits you with a +0 falchion.
You closely miss the orc wizard.
You bite the orc wizard, but do no damage.
The orc wizard is almost dead.
The orc wizard mumbles some strange words.
The orc wizard flickers and vanishes!
The orc hits you with a +0 falchion. The orc barely misses you.
The orc hits you with a +0 mace.
You slash the orc!
You kill the orc!
The orc closely misses you.
You hear some strange, mumbled words.
You are confused.
The orc closely misses you. The orc hits you with a +0 falchion.
The rat bites you but does no damage. Something hits you but does no damage.
You are too confused!
You are too confused!
You are too confused!
You barely miss the orc. You bite the orc, but do no damage.
The orc hits you with a +0 club. Something hits you. The rat bites you.
The orc hits you with a +0 falchion.
* * * LOW HITPOINT WARNING * * *
Something hits you.
You are too confused!
Unknown command.
You miss the orc. The orc hits you but does no damage. Something hits you.
* * * LOW HITPOINT WARNING * * *
The rat misses you. The orc hits you with a +0 falchion.
You die...

##. .. #..
.## #.. ...
#... #.#
#...###.#
#.r{#.#
:###.{@#.#
......oo.>#
#####...#.#
#...#.#
#...#.#
#####.# #.#
#.# #.#


You could see 2 orcs and a rat.

Vanquished Creatures
  Ijyb (D:3)
  2 adders
  A dart slug (D:1)
  An orc (D:3)
  9 ball pythons (D:1)
  2 bats (D:1)
  An endoplasm (D:1)
  A giant cockroach (D:1)
  3 goblins (D:1)
  3 hobgoblins (D:1)
  2 kobolds (D:1)
  4 quokkas
  2 frilled lizards (D:1)
  7 rats
39 creatures vanquished.

Notes
Turn   | Place    | Note
-------+----------+-------------------------------------------
     0 | D:1      | Leeroy the Vine Stalker Warper began the quest for the Orb.
     0 | D:1      | Reached XP level 1. HP: 11/11 MP: 4/4
    39 | D:1      | Reached skill level 2 in Long Blades
    49 | D:1      | Reached XP level 2. HP: 9/15 MP: 4/6
   241 | D:1      | Found Xiwyotz's Weapon Shop.
   490 | D:1      | Reached skill level 3 in Long Blades
   508 | D:1      | Reached XP level 3. HP: 13/18 MP: 4/7
   937 | D:2      | You fall into a shaft and drop 1 floor!
   973 | D:3      | Noticed Ijyb
   973 | D:3      | Paralysed by Ijyb for 3 turns
   977 | D:3      | Paralysed by Ijyb for 3 turns
   993 | D:3      | Killed Ijyb
   994 | D:3      | Reached skill level 4 in Long Blades
   994 | D:3      | Gained mutation: Your natural rate of healing is unusually
                  | fast. [Vine Stalker growth]
   994 | D:3      | Reached XP level 4. HP: 4/23 MP: 4/8
   994 | D:3      | Identified the +4 flail of the Hidden Vale {heavy, rF+}
  1061 | D:3      | Slain by an orc

Illustrated notes

Levels and vault maps discovered:
D:1:      lemuel_arrival_room, layout_basic, serial_shops,
          nicolae_shop_bloodbath_and_beyond
D:2:      layout_basic, uniq_jessica
D:3:      layout_basic, elyvilon_altar_3, patterned_corridor, uniq_terence,
          uniq_ijyb

Skill      XL: |  1  2  3 |
---------------+----------+-----
Long Blades    | 2 3 4 |  4.1
Fighting       | |  1.7
Throwing       | |  0.8
Armour         | |  0.7
Dodging        | |  1.5
Spellcasting   | |  2.1
Translocations | |  3.0

Action                     |  1- 3 |  4- 6 || total
---------------------------+-------+-------++-------
  Melee: Falchion          |    91 |    12 ||   103
         Bite              |    18 |     4 ||    22
         Punch             |       |     1 ||     1
    Use: Potion            |     2 |       ||     2
   Stab: Sleeping          |     1 |       ||     1
 Armour: Leather armour    |    24 |     6 ||    30
  Dodge: Dodged            |    46 |     8 ||    54

Table legend: (Time is in decaauts)
 A = Elapsed time spent in this place.
 B = Non-inter-level travel time spent in this place.
 C = Inter-level travel time spent in this place.
 D = Time resting spent in this place.
 E = Time spent auto-exploring this place.
 F = Levels seen in this place.
 G = Mean time per level.
                   A        B        C        D        E       F      G
               +--------+--------+--------+--------+--------+-----+--------+
         Total |   1074 |   1064 |     10 |      0 |    828 |   3 |  358.0 |
       Dungeon |   1074 |   1064 |     10 |      0 |    828 |   3 |  358.0 |
               +--------+--------+--------+--------+--------+-----+--------+

Top non-repeatable levels by time:
     D:1: 858 daAuts
     D:3: 126 daAuts
     D:2: 89 daAuts
